 Dungeon Crawl Stone Soup version 0.20.0-10-g0535bb4 (webtiles) character file.

107 Firecrotchwizard the Ruffian (level 4, -1/38 HPs)
             Began as a Ghoul Monk on June 6, 2017.
             Slain by Rufus's ghost (2 damage)
             ... on level 3 of the Dungeon.
             The game lasted 00:04:11 (1933 turns).

Firecrotchwizard the Ruffian (Ghoul Monk)           Turns: 1933, Time: 00:04:11

Health: -1/38      AC:  6    Str: 14    XL:     4   Next: 86%
Magic:  12/12      EV: 10    Int:  6    God:
Gold:   79         SH:  0    Dex: 11    Spells: 3/3 levels left

rFire    . . .     SeeInvis .     - Unarmed
rCold    + . .     Gourm    .   (no shield)
rNeg     + + +     Faith    .   h - +0 scale mail
rPois    ∞         Spirit   .   (no helmet)
rElec    .         Reflect  .   (no cloak)
rCorr    .         Harm     .   (no gloves)
MR       .....                  (no boots)
Stlth    ..........             (no amulet)
Regen    0.0/turn               d - ring of magical power {MP+9}
MPRegen  0.2/turn               (no ring)

@: rotting
A: rotting body, claws 1, carnivore 3, cold resistance 1, negative energy
resistance 3, inhibited regeneration, torment resistance, unbreathing
a: no special abilities


You were on level 3 of the Dungeon.
You were not hungry.

You visited 1 branch of the dungeon, and saw 3 of its levels.

You collected 79 gold pieces.

Inventory:

Hand Weapons
 o - a +1 dagger of flaming
   (You found it on level 3 of the Dungeon)
Armour
 a - a +0 robe
 h - a +0 scale mail (worn)
   (You found it on level 1 of the Dungeon)
Jewellery
 d - a ring of magical power (left claw) {MP+9}
   (You found it on level 1 of the Dungeon)
Scrolls
 c - 5 scrolls of identify {unknown}
 e - a scroll of magic mapping {unknown}
 f - a scroll of fog {unknown}
 j - 2 scrolls of enchant armour {unknown}
 k - a scroll of teleportation {unknown}
 l - 2 scrolls of remove curse {unknown}
 n - a scroll of amnesia {unknown}
Potions
 i - a potion of curing {unknown}
Comestibles
 b - a meat ration {@e2}
 g - a royal jelly
 m - 2 chunks of flesh {@w0}


   Skills:
 - Level 3.2 Fighting
 - Level 2.6 Dodging
 - Level 2.1 Stealth
 + Level 5.9 Unarmed Combat


You had 3 spell levels left.
You didn't know any spells.

Dungeon Overview and Level Annotations

Branches:
Dungeon (3/15)

Altars:

Annotations:
D:3 Rufus's ghost, amateur NaFi


Innate Abilities, Weirdness & Mutations

Your body is rotting away.
You thrive on raw meat.
You are immune to poison.
You have sharp fingernails.
You are carnivorous and can eat meat at any time.
Your flesh is cold resistant. (rC+)
You are immune to negative energy. (rN+++)
You do not regenerate when monsters are visible.
You are immune to unholy pain and torment.
You can survive without breathing.


Message History

m - 5 chunks of flesh {@w0} (gained 1)
Things that are here:
an uncursed blowgun; 11 poisoned needles
c - 5 scrolls labeled USIN MAXURI PIK (gained 1) Some of the chunks of flesh in your inventory have rotted away.
Found a stone staircase leading down.
You may need something to eat soon, looking for food.
Can't find anything matching that.
Sorry, you're not good enough to have a special ability.
You open the door.
There is an open door here.
Found a stone staircase leading down.
You open the door.
There is an open door here.
A giant cockroach comes into view.
A giant cockroach is nearby!
You scratch the giant cockroach. The giant cockroach closely misses you.
You barely miss the giant cockroach.
The giant cockroach bites you but does no damage.
A giant cockroach is nearby!
You claw the giant cockroach!
You kill the giant cockroach!
You may need something to eat soon, looking for food.
Can't find anything matching that.
Sorry, you're not good enough to have a special ability.
You butcher the giant cockroach corpse.
m - 2 chunks of flesh {@w0} (gained 1)
o - a runed dagger A worm comes into view.
The worm bites you but does no damage.
You scratch the worm but do no damage. You claw the worm!
The worm completely misses you.
You scratch the worm. You scratch the worm.
The worm bites you but does no damage.
You claw the worm!
You kill the worm!
No target in view!
You may need something to eat soon, looking for food.
Can't find anything matching that.
Sorry, you're not good enough to have a special ability.
You open the door.
A goblin comes into view. It is wielding a dagger.
The goblin shouts!
Rufus's ghost (amateur Naga Fighter) comes into view.
You close the door.
You open the door.
Rufus's ghost turns its malevolent gaze towards you.
The goblin is too close now for your liking.
The goblin hits you but does no damage.
There is an open door here.
You closely miss the goblin. The goblin barely misses you.
You closely miss the goblin. The goblin closely misses you.
You claw the goblin!
You kill the goblin!
Rufus's ghost hits you but does no damage.
You barely miss Rufus's ghost.
An orc comes into view.
The orc shouts!
You scratch Rufus's ghost but do no damage.
Rufus's ghost hits you but does no damage.
You scratch Rufus's ghost. Rufus's ghost hits you!
You take 10 damage, and have 28/38 hp.
MASSIVE DAMAGE!!
You scratch Rufus's ghost.
Rufus's ghost hits you but does no damage.
You barely miss Rufus's ghost. Rufus's ghost hits you!
You take 7 damage, and have 21/38 hp.
You barely miss Rufus's ghost.
You claw Rufus's ghost, but do no damage.
Rufus's ghost hits you but does no damage.
You scratch Rufus's ghost. Rufus's ghost hits you!
You take 9 damage, and have 12/38 hp.
MASSIVE DAMAGE!!
You scratch Rufus's ghost. Rufus's ghost hits you.
* * * LOW HITPOINT WARNING * * *
The orc hits you but does no damage.
You take 2 damage, and have 10/38 hp.
Your scale mail prevents you from hitting Rufus's ghost.
Rufus's ghost hits you.
* * * LOW HITPOINT WARNING * * *
An orc priest comes into view. It is wielding a club.
You take 6 damage, and have 4/38 hp.
You barely miss Rufus's ghost.
The orc priest shouts!
The orc barely misses you.
Rufus's ghost hits you but does no damage.
Unknown command.
Unknown command.
You scratch Rufus's ghost but do no damage.
The orc hits you.
* * * LOW HITPOINT WARNING * * *
You take 2 damage, and have 2/38 hp.
Unknown command.
You scratch Rufus's ghost. Rufus's ghost hits you.
* * * LOW HITPOINT WARNING * * *
The orc priest begins to cast a cantrip, but forgets the words!
The orc closely misses you.
You take 1 damage, and have 1/38 hp.
You barely miss Rufus's ghost. Rufus's ghost hits you.
You die...

........########.#
######...## #.#
#.....# ####.#####
##...## #........#
##.## #.##.###.# #.#
#.##.# #.# #.#
#.##.###.# ##'##
#.##...#.# #)@.#
#.####.#.# #.oW..#
#.####.#.#
#.......##........#
#.........####...#####
+.........'...........
#..!......####...#####
##...o...## #.......#
##.....## #.#.###.#
#....##.#


You could see an orc priest, Rufus's ghost and an orc.

Vanquished Creatures
  2 orc priests (D:3)
  An adder (D:2)
  3 worms
  A dart slug (D:1)
  An orc (D:3)
  2 bats
  2 giant cockroaches
  3 goblins
  8 hobgoblins
  A ball python (D:1)
  A frilled lizard (D:1)
  2 kobolds
  3 rats
30 creatures vanquished.

Vanquished Creatures (others)
  A rat (D:1)
1 creature vanquished.

Grand Total: 31 creatures vanquished

Notes
Turn   | Place    | Note
-------+----------+-------------------------------------------
     0 | D:1      | Firecrotchwizard the Ghoul Monk began the quest for the Orb.
     0 | D:1      | Reached XP level 1. HP: 19/19 MP: 0/0
   268 | D:1      | Reached XP level 2. HP: 23/26 MP: 1/1
   746 | D:1      | Reached skill level 4 in Unarmed Combat
  1164 | D:2      | Reached XP level 3. HP: 29/31 MP: 2/2
  1543 | D:3      | Reached skill level 5 in Unarmed Combat
  1543 | D:3      | Reached XP level 4. HP: 18/38 MP: 3/3
  1914 | D:3      | Noticed Rufus's ghost (amateur NaFi)
  1929 | D:3      | HP: 4/38 [Rufus's ghost (6)]
  1932 | D:3      | HP: 1/38 [Rufus's ghost (1)]
  1933 | D:3      | Slain by Rufus's ghost

Skill      XL: |  1  2  3 |
---------------+----------+-----
Unarmed Combat | 4 5 |  5.9
Fighting       | |  3.2
Dodging        | |  2.6
Stealth        | |  2.1

Action                   |  1- 3 |  4- 6 || total
-------------------------+-------+-------++-------
Melee: Unarmed           |    77 |    33 ||   110
       Punch             |     1 |     1 ||     2
  Eat: Chunk             |     8 |       ||     8
Armor: Robe              |     4 |       ||     4
       Scale mail        |    19 |    10 ||    29
Dodge: Dodged            |    30 |    12 ||    42

Vault maps used:
D:1:      dpeg_arrival_long_road, minmay_misc_feat_ornament, lemuel_flame_loot_1
D:2:      minivault_4

Table legend:
 A = Turns spent in this place as a percentage of turns spent in the entire game.
 B = Non-inter-level travel turns spent in this place as a percentage of non-inter-level travel turns spent in the entire game.
 C = Inter-level travel turns spent in this place as a percentage of turns spent in this place.
 D = Turns resting spent in this place as a percentage of non-inter-level travel turns spent in this place.
 E = Turns spent auto-exploring this place as a percentage of non-inter-level travel turns spent in this place.
 F = Non-inter-level travel turns spent in this place divided by the number of levels of this place that you've seen.
                   A       B       C       D       E      F
               +-------+-------+-------+-------+-------+----------------------
         Total | 100.0 | 100.0 |   0.5 |   3.4 |  11.6 | 137.7
       Dungeon | 100.0 | 100.0 |   0.5 |   3.4 |  11.6 | 137.7
               +-------+-------+-------+-------+-------+----------------------

Table legend:
 A = Kills in this place as a percentage of kills in entire the game.
 B = Kills by you in this place as a percentage of kills by you in the entire game.
 C = Kills by friends in this place as a percentage of kills by friends in the entire game.
 D = Other kills in this place as a percentage of other kills in the entire game.
 E = Experience gained in this place as a percentage of experience gained in the entire game.
 F = Experience gained in this place divided by the number of levels of this place that you have seen.
                   A       B       C       D       E      F
               +-------+-------+-------+-------+-------+----------------------
         Total | 100.0 | 100.0 |  -nan |  -nan | 100.0 |  51.3
       Dungeon | 100.0 | 100.0 |  -nan |  -nan | 100.0 |  51.3
               +-------+-------+-------+-------+-------+----------------------
